 Dungeon Crawl Stone Soup version 0.26-a0-849-gf1512cd430 (webtiles) character file.

Game seed: 2388542391886097718

5322 RaHiT the Covert (level 10, 0/70 HPs)
             Began as an Octopode Delver on Nov 20, 2020.
             Was a Priest of Cheibriados.
             Blown up by Joseph (26 damage)
             ... with a disintegration bolt
             ... on level 7 of the Dungeon.
             The game lasted 01:09:39 (11016 turns).

RaHiT the Covert (Octopode Delver)                 Turns: 11016, Time: 01:09:39

Health: 0/70       AC:  4    Str: 18    XL:     10   Next: 64%
Magic:  16/19      EV: 18    Int: 24    God:    Cheibriados [***...]
Gold:   442        SH:  5    Dex: 20    Spells: 9/21 levels left

rFire    + . .     SeeInvis .     - Unarmed
rCold    . . .     Faith    .   (no shield)
rNeg     + . .     Spirit   .   (helmet restricted)
rPois    .         Reflect  +   n - amulet of reflection
rElec    .         Harm     .   k - ring of stealth
rCorr    +         Rampage  .   m - ring of positive energy
MR       .....                  D - ring of stealth
Stlth    +++++++...             p - ring of wizardry
HPRegen  0.21/turn              C - ring of resist corrosion
MPRegen  0.16/turn              (no ring)
                                (no ring)
                                (no ring)

@: very slow
A: almost no armour, stealthy swim, amphibious, 8 rings, constrict 8, rugged
brown scales 1, yellow scales 1, camouflage 1, fire resistance 1, sense
surroundings 1, gelatinous body 1
a: Bend Time, Temporal Distortion, Renounce Religion


You were on level 7 of the Dungeon.
You worshipped Cheibriados.
Cheibriados was most pleased with you.
You visited 2 branches of the dungeon, and saw 9 of its levels.
You also visited: Sewer and Ossuary.

You collected 794 gold pieces.
You spent 352 gold pieces at shops.

Inventory:

Missiles
 b - 333 stones (quivered)
 f - 189 arrows
 h - 21 boomerangs
 t - 20 poisoned darts
 y - 91 sling bullets
 E - a throwing net
 F - 2 silver javelins
 J - 7 large rocks
Jewellery
 k - a ring of stealth (left tentacle)
 m - a ring of positive energy (right tentacle)
 n - an amulet of reflection (around mantle)
 p - a ring of wizardry (on tentacle)
 C - a ring of resist corrosion (on tentacle)
 D - a ring of stealth (on tentacle)
Wands
 e - a wand of digging (3)
 G - a wand of paralysis (4)
 H - a wand of disintegration (6)
Scrolls
 a - a scroll of fog
 g - 5 scrolls of remove curse
 i - 2 scrolls of enchant armour
 j - 3 scrolls of magic mapping
 o - 2 scrolls of amnesia
 q - 2 scrolls of immolation
 s - 4 scrolls of enchant weapon
Potions
 d - 2 potions of heal wounds
 l - 4 potions of flight
 r - 3 potions of curing
 u - a potion of brilliance
 w - 4 potions of resistance
 z - 2 potions of attraction
 A - a potion of might
 B - a potion of cancellation
 I - a potion of lignification


   Skills:
 - Level 6.0 Fighting
 - Level 6.0 Throwing
 - Level 6.0 Dodging
 - Level 8.0 Stealth
 - Level 6.0 Unarmed Combat
 - Level 6.0 Spellcasting
 - Level 3.0 Hexes
 + Level 2.4 Summonings
 + Level 2.4 Air Magic
 - Level 6.0 Evocations


You had 9 spell levels left.
You knew the following spells:

 Your Spells              Type           Power        Failure   Level
a - Summon Lightning Spi  Summ/Air       ###.....     12%         4
c - Confusing Touch       Hex            ###.....     2%          3
d - Tukima's Dance        Hex            ###.....     2%          3
l - Blink                 Tloc           N/A          4%          2

Your spell library contained the following spells:

 Spells                   Type           Power        Failure   Level
 Corona                   Hex            ###....      1%          1
 Summon Small Mammal      Summ           ###.         1%          1
 Call Imp                 Summ           ###.....     1%          2
 Slow                     Hex            ###.....     1%          2
 Ensorcelled Hibernation  Hex/Ice        ##....       2%          2
 Magic Dart               Conj           #...         3%          1
 Call Canine Familiar     Summ           ###.....     3%          3
 Summon Guardian Golem    Hex/Summ       ###.....     3%          3
 Dazzling Flash           Conj/Hex       ##....       5%          3
 Mephitic Cloud           Conj/Pois/Air  ##......     7%          3
 Conjure Flame            Conj/Fire      #.......     10%         3
 Summon Ice Beast         Ice/Summ       ##......     19%         4
 Bolt of Magma            Conj/Fire/Erth #.........   61%         5
 Iskenderun's Battlesphe  Conj           #.......     61%         5
 Iron Shot                Conj/Erth      #.........   99%         6
 Orb of Destruction       Conj           #.........   100%        7
 Spellforged Servitor     Conj/Summ      ##........   100%        7


Dungeon Overview and Level Annotations

Branches:
Dungeon (8/15)             Temple (1/1) D:6           Sewer (visited)
Ossuary (visited)
   Lair: D:8-11

Altars:
Ashenzari
Cheibriados
Dithmenos
Elyvilon
Fedhas
Gozag
Hepliaklqana
Kikubaaqudgha
Makhleb
Nemelex Xobeh
Qazlal
Ru
Sif Muna
Trog
Uskayaw
Vehumet
Wu Jian
Xom
Yredelemnul
Zin
The Shining One

Shops:
D:5 ?   D:8 !

Annotations:
D:3 Natasha
D:7 Joseph
D:8 3 runed translucent doors, waddelsworth's ghost, novice DEIE


Innate Abilities, Weirdness & Mutations

You cannot wear most types of armour.
You are very stealthy in the water. (Stealth+)
You are amphibious.
You can wear up to eight rings at the same time.
You can use your tentacles to constrict eight enemies at once.
Your skin changes colour to match your surroundings (Stealth+).
Your rubbery body absorbs attacks. (AC +1, EV +1)
You are partially covered in rugged brown scales. (AC +1, +3% HP)
You are partially covered in yellow scales. (AC +2)
Your flesh is heat resistant. (rF+)
You passively map a small area around you.


Message History

You throw an atropa-tipped dart.
The atropa-tipped dart barely misses Joseph.
Your lightning spire shoots out a bolt of lightning at Joseph!
The bolt of electricity hits Joseph.
Throwing (i - inventory. (/) - cycle)
b - 334 stones (quivered)
Press: ? - help, Shift-Dir - straight line, f/p - Joseph
Aim: Joseph, wielding a +6 hunting sling of flaming, wearing a +0 leather armour, quivering 10 sling bullets and carrying a wand of disintegration (13) (severely wounded)
You throw a stone.
The stone hits Joseph but does no damage.
Joseph is severely wounded.
Joseph shoots a sling bullet.
The sling bullet hits you!! The sling bullet burns you.
Evoke which item? (* to show all) (? for menu, Esc to quit)
Aiming: Disintegrate
Press: ? - help, Shift-Dir - straight line, f/p - Joseph
Aim: Joseph, wielding a +6 hunting sling of flaming, wearing a +0 leather armour, quivering 9 sling bullets and carrying a wand of disintegration (13) (severely wounded, chance to defeat MR: 72%) Joseph is blasted!
Joseph shouts, "You will never get the ORB!"
Joseph zaps a wand.
You are blasted!
You die...

#####.###.......#......#....
#...............#......#_...
#...........#...#......#....
#...........#...#......#....
#...........#...#...########
#...........#...)...........
#...........................
#.................######.###
#.......(..@#####.######.#..
#..........8..(@...(.....#.#
#...........#####.##(.......
#.................##........
#...........########........
#...........# #........
############# ###........
#.......... #..........


You could see Joseph and a friendly lightning spire (summoned).

Vanquished Creatures
  2 trolls (D:8)
  A wyvern (D:8)
  A steam dragon (D:8)
  A water moccasin (Sewer)
  2 orc warriors
  4 sky beasts
  2 ogres
  A necrophage (D:6)
  3 centaurs (D:8)
  2 elf zombies (Ossuary)
  Blork the orc (D:6)
  2 bullfrogs (D:6)
  5 scorpions
  5 wights (D:8)
  10 killer bees (D:7)
  3 howler monkeys
  4 human zombies (D:8)
  A quasit (D:8)
  A bullfrog zombie (D:6)
  2 centaur zombies (Ossuary)
  An orc priest (D:7)
  A centaur skeleton (D:8)
  A gnoll shaman (D:8)
  4 hounds
  2 jellies
  17 orc wizards
  A bullfrog skeleton (D:5)
  An iron imp (D:7)
  A human skeleton (D:8)
  Ijyb (D:5)
  5 worker ants
  2 hound skeletons (D:8)
  2 mummies (Ossuary)
  A howler monkey zombie (D:6)
  6 adders
  11 gnolls
  2 shadow imps
  An ufetubus (D:5)
  An ooze (D:4)
  An adder skeleton (D:4)
  2 adder zombies (D:5)
  2 worms
  3 dart slugs
  10 leopard geckos
  20 orcs
  8 bats
  9 giant cockroaches
  3 gnoll zombies (Ossuary)
  15 goblins
  6 hobgoblins
  5 jackals
  9 quokkas
  A ball python (D:2)
  4 frilled lizards
  3 goblin zombies (Ossuary)
  2 hobgoblin zombies (Ossuary)
  7 kobolds
  A leopard gecko skeleton (D:4)
  A leopard gecko zombie (D:5)
  3 orc zombies
  9 rats
238 creatures vanquished.

Vanquished Creatures (collateral kills)
  The ghost of flt the Thrower, a novice OgHu of Ru (D:6)
  An ogre (D:8)
2 creatures vanquished.

Vanquished Creatures (others)
  A dancing weapon (D:8)
  2 plants (D:8)
3 creatures vanquished.

Grand Total: 243 creatures vanquished

Notes
Turn   | Place    | Note
-------+----------+-------------------------------------------
     0 | D:5      | RaHiT the Octopode Delver began the quest for the Orb.
     0 | D:5      | Reached XP level 1. HP: 16/16 MP: 1/1
    97 | D:3      | Found a burning altar of Makhleb.
   173 | D:3      | Noticed Natasha
   247 | D:3      | Reached skill level 7 in Stealth
   263 | D:3      | Reached XP level 2. HP: 21/21 MP: 2/2
   418 | D:2      | Reached XP level 3. HP: 14/26 MP: 3/3
  1414 | D:2      | Reached XP level 4. HP: 28/31 MP: 4/4
  1423 | D:2      | Found a glowing golden altar of the Shining One.
  1424 | D:2      | Found a sparkling altar of Nemelex Xobeh.
  1722 | D:2      | Found a faded altar of an unknown god.
  2028 | D:3      | Reached XP level 5. HP: 19/36 MP: 5/5
  2238 | D:3      | Reached skill level 5 in Unarmed Combat
  2368 | D:3      | Found a shadowy altar of Dithmenos.
  2811 | D:5      | Reached XP level 6. HP: 37/42 MP: 6/6
  3454 | D:4      | Noticed an orc warrior
  3473 | D:4      | Killed an orc warrior
  3474 | D:4      | Reached XP level 7. HP: 30/46 MP: 7/7
  3749 | D:4      | Reached skill level 5 in Dodging
  4010 | D:5      | Found a radiant altar of Vehumet.
  4339 | D:5      | Bought a scroll of magic mapping for 52 gold pieces
  4339 | D:5      | Bought a scroll of identify for 30 gold pieces
  4339 | D:5      | Bought a scroll of identify for 30 gold pieces
  4339 | D:5      | Bought a scroll of identify for 30 gold pieces
  4339 | D:5      | Bought a scroll of identify for 30 gold pieces
  4339 | D:5      | Bought a scroll of identify for 30 gold pieces
  4339 | D:5      | Bought a scroll of identify for 30 gold pieces
  4346 | D:5      | Gained mutation: Your flesh is heat resistant. (rF+)
                  | [potion of mutation]
  4346 | D:5      | Gained mutation: You passively map a small area around you.
                  | [potion of mutation]
  4346 | D:5      | Gained mutation: You are partially covered in yellow
                  | scales. (AC +2) [potion of mutation]
  4346 | D:5      | Gained mutation: You are partially covered in rugged brown
                  | scales. (AC +1, +3% HP) [potion of mutation]
  4530 | D:5      | Noticed Ijyb
  4565 | D:5      | Killed Ijyb
  4846 | D:6      | Found an opulent altar of Gozag.
  4865 | D:6      | Reached skill level 1 in Throwing
  4865 | D:6      | Reached skill level 1 in Evocations
  4880 | D:6      | Reached skill level 1 in Spellcasting
  4880 | D:6      | Found a glowing drain.
  4895 | Sewer    | Entered a sewer
  4906 | Sewer    | Reached XP level 8. HP: 50/53 MP: 9/9
  5332 | D:6      | Found a runed translucent gate.
  5354 | D:6      | Found a runed translucent gate.
  5356 | D:6      | Found a runed translucent gate.
  5357 | D:6      | Noticed flt's ghost (novice OgHu)
  5531 | D:6      | Reached skill level 8 in Stealth
  5982 | D:6      | Found a staircase to the Ecumenical Temple.
  5986 | Temple   | Entered the Ecumenical Temple
  6137 | D:6      | Noticed Blork the orc
  6460 | D:7      | Reached skill level 5 in Fighting
  6470 | D:7      | Reached XP level 9. HP: 62/62 MP: 12/12
  6603 | D:7      | Found a snail-covered altar of Cheibriados.
  6614 | D:7      | Became a worshipper of Cheibriados the Contemplative
  6950 | D:7      | HP: 2/63 [something (5)]
  6955 | D:7      | Reached skill level 5 in Throwing
  7246 | D:7      | Noticed Joseph
  7621 | D:8      | Found a sand-covered staircase.
  7633 | Ossuary  | Entered an ossuary
  7731 | Ossuary  | Reached * piety under Cheibriados
  8347 | D:8      | Reached skill level 5 in Evocations
  8408 | D:8      | Reached XP level 10. HP: 56/70 MP: 16/16
  8499 | D:8      | Learned a level 3 spell: Confusing Touch
  8532 | D:8      | Reached ** piety under Cheibriados
  8608 | D:8      | Reached skill level 5 in Spellcasting
  8690 | D:8      | Reached skill level 1 in Hexes
  8762 | D:8      | Learned a level 3 spell: Tukima's Dance
  8795 | D:8      | Found a white marble altar of Elyvilon.
  9146 | D:8      | Learned a level 2 spell: Blink
  9197 | D:8      | Learned a level 4 spell: Summon Lightning Spire
  9929 | D:8      | Found a runed translucent gate.
  9929 | D:8      | Found a runed translucent gate.
  9929 | D:8      | Noticed an 11-headed hydra
  9929 | D:8      | Noticed waddelsworth's ghost (novice DEIE)
  9930 | D:8      | Found a runed translucent gate.
 10078 | D:8      | Found Fuicraox's Distillery.
 10084 | D:8      | Bought a potion of lignification for 45 gold pieces
 10084 | D:8      | Bought a potion of heal wounds for 75 gold pieces
 10190 | D:6      | Killed Blork the orc
 10190 | D:6      | Reached *** piety under Cheibriados
 10306 | D:6      | Killed flt's ghost
 11016 | D:7      | Blown up by Joseph

Illustrated notes

Levels and vault maps discovered:
D:1:      lightli_arrival_statuegarden, layout_loops_ring
D:2:      layout_basic, chequers_temple_overflow_statue_of_worship,
          chequers_ecumenical_altar_simple_redux, kennysheep_generic_room_3
D:3:      layout_loops_ring, lemuel_round_altar, nicolae_overflow_crystal_walls,
          uniq_natasha
D:4:      minmay_diamond_boxcup, layout_rooms
D:5:      layout_basic, vehumet_crystals, serial_shops,
          nicolae_shop_temple_entry_statues_fountains, uniq_grinder, uniq_ijyb
D:6:      layout_layer_cave, nicolae_gozag_seed_capital,
          minmay_temple_entry_glassed_door, ebering_ghost_rock_garden,
          gup_sewer_entry_pipe, uniq_blork_the_orc
D:7:      minmay_flawed_box, layout_basic, slow_altar_2, uniq_joseph
D:8:      minmay_thinvault, layout_loops_ring, elyvilon_altar_3,
          gammafunk_ghost_hydra_chop, nicolae_ossuary_entry_catacombs,
          serial_shops, kennysheep_little_box
Temple:   nicolae_temple_god_jail

Skill      XL: |  1  2  3  4  5  6  7  8  9 10 |
---------------+-------------------------------+-----
Stealth        | 7 8 |  8.0
Unarmed Combat | 3 4 5 6 |  6.0
Dodging        | 4 6 |  6.0
Throwing       | 1 3 6 |  6.0
Evocations     | 1 3 5 6 |  6.0
Spellcasting   | 1 2 4 6 |  6.0
Fighting       | 5 6 |  6.0
Hexes          | 3 |  3.0
Summonings     | 2 |  2.4
Air Magic      | 2 |  2.4

Action                   |  1- 3 |  4- 6 |  7- 9 | 10-12 || total
-------------------------+-------+-------+-------+-------++-------
Melee: Unarmed           |    66 |   145 |   380 |   154 ||   745
       Constrict         |    18 |    32 |    62 |    19 ||   131
       Tentacles         |    11 |    16 |    58 |    41 ||   126
       Punch             |     1 |     7 |    21 |    12 ||    41
Throw: Stone             |     2 |    15 |    56 |    45 ||   118
       Dart              |       |     8 |    51 |    19 ||    78
       Boomerang         |       |       |    35 |    11 ||    46
       Javelin           |       |       |       |     2 ||     2
 Cast: Tukima's Dance    |       |       |       |     4 ||     4
       Confusing Touch   |       |       |       |     4 ||     4
       Summon Lightning  |       |       |       |     3 ||     3
Evoke: Wand              |       |       |       |     1 ||     1
  Use: Scroll            |     8 |     2 |    10 |     6 ||    26
       Potion            |       |     1 |     5 |     1 ||     7
 Stab: Sleeping          |    13 |    16 |    31 |     6 ||    66
       Confused          |       |       |       |     7 ||     7
Armor: Skin              |     3 |     8 |    90 |    15 ||   116
Dodge: Dodged            |    30 |    42 |   118 |    86 ||   276
Block: Other             |     9 |    25 |    56 |    25 ||   115
       Reflection        |       |     1 |       |     4 ||     5

Table legend: (Time is in decaauts)
 A = Elapsed time spent in this place.
 B = Non-inter-level travel time spent in this place.
 C = Inter-level travel time spent in this place.
 D = Time resting spent in this place.
 E = Time spent auto-exploring this place.
 F = Levels seen in this place.
 G = Mean time per level.
                   A        B        C        D        E       F      G
               +--------+--------+--------+--------+--------+-----+--------+
         Total |  11964 |  11545 |    419 |   2722 |   2708 |  11 | 1087.6 |
       Dungeon |  11440 |  11033 |    407 |   2722 |   2674 |   8 | 1430.0 |
        Temple |     47 |     35 |     12 |      0 |     34 |   1 |   47.0 |
         Sewer |    145 |    145 |      0 |      0 |      0 |   1 |  145.0 |
       Ossuary |    331 |    331 |      0 |      0 |      0 |   1 |  331.0 |
               +--------+--------+--------+--------+--------+-----+--------+

Top non-repeatable levels by time:
     D:8: 3096 daAuts
     D:6: 1837 daAuts
     D:7: 1702 daAuts
     D:4: 1148 daAuts
     D:5: 1090 daAuts
     D:2: 1052 daAuts
     D:1: 777 daAuts
     D:3: 735 daAuts
 Ossuary: 331 daAuts
   Sewer: 145 daAuts
  Temple: 47 daAuts
